 Dungeon Crawl Stone Soup version 0.16.1-7-g2c6721e (webtiles) character file.

14 jacksonaction the Magician (level 2, -3/15 HPs)
             Began as a Gargoyle Wizard on Mar 29, 2015.
             Splashed by a jelly's acid (12 damage)
             ... on level 1 of the Dungeon.
             The game lasted 00:07:42 (963 turns).

jacksonaction the Magician (Gargoyle Wizard)         Turns: 963, Time: 00:07:42

Health: -3/15      AC:  4    Str: 10    XL:     2   Next: 41%
Magic:  1/6        EV: 11    Int: 18    God:
Gold:   50         SH:  0    Dex:  8    Spells: 3 memorised, 2 levels left

rFire  . . .     SeeInvis .     (no weapon)
rCold  . . .     Clarity  .     a - +0 robe
rNeg   + . .     SustAb   .     (no shield)
rPois  ∞         Gourm    .     b - +0 hat
rElec  +         Spirit   .     (no cloak)
rCorr  .         Warding  .     (no gloves)
rMut   .         Stasis   .     (no boots)
MR     .....                    (no amulet)
Stlth  ++........               (no ring)
                                (no ring)

@: not resistant to hostile enchantments, unstealthy
A: negative energy resistance 1, electricity resistance, unbreathing,
petrification resistance, rot immunity, AC +2
a: no special abilities


You were on level 1 of the Dungeon.
You were not hungry.

You visited 1 branch of the dungeon, and saw 1 of its levels.

You collected 50 gold pieces.

Inventory:

Armour
 a - a +0 robe (worn)
 b - a +0 hat (worn)
Scrolls
 f - 2 scrolls of random uselessness {unknown}
 g - a scroll of immolation {unknown}
Potions
 e - a potion of cure mutation {unknown}
 h - a potion of agility {unknown}
 i - a potion of curing {unknown}
Books
 c - a book of Minor Magic

   Spells                             Type                      Level
   a - Magic Dart                     Conjuration                  1
   b - Blink                          Translocation                2
   c - Call Imp                       Summoning                    2
   d - Repel Missiles                 Charms/Air                   2
   e - Slow                           Hexes                        2
   f - Conjure Flame                  Conjuration/Fire             3
   g - Mephitic Cloud                 Conjuration/Poison/Air       3
Comestibles
 d - a bread ration


   Skills:
 - Level 1.5 Dodging
 - Level 2.1 Stealth
 - Level 3.0 Spellcasting
 + Level 2.5 Conjurations
   Level 0.8 Summonings
 + Level 0.8 Translocations


You had 2 spell levels left.
You knew the following spells:

 Your Spells              Type           Power        Failure   Level  Hunger
a - Magic Dart            Conj           ##..         8%          1    None
b - Blink                 Tloc           N/A          17%         2    ##.....
c - Slow                  Hex            #.......     28%         2    ##.....


Dungeon Overview and Level Annotations

Branches:
Dungeon (1/15)

Altars:


Innate Abilities, Weirdness & Mutations

You are resistant to torment.
You are immune to poison.
Your stone body is very resilient (AC +2).
You resist negative energy.
You are resistant to electric shocks.
You can survive without breathing.
You are immune to petrification.
You are immune to rotting.


Message History

The jelly is heavily wounded.
The jelly hits you but does no damage.
Casting: Magic Dart
Confirm with . or Enter, or press ? or * to list all spells.
Aiming: Magic Dart
Press: ? - help, Shift-Dir - straight line, f/p - jelly
Aim: a jelly (heavily wounded)
The magic dart hits the jelly.
The jelly is heavily wounded.
The jelly barely misses you.
Casting: Magic Dart
Confirm with . or Enter, or press ? or * to list all spells.
Aiming: Magic Dart
Press: ? - help, Shift-Dir - straight line, f/p - jelly
Aim: a jelly (heavily wounded)
The magic dart hits the jelly.
The jelly is heavily wounded.
The jelly hits you.
You are splashed with acid!
The acid burns!
Ouch! That really hurt!
You die...

##....#...#.##.##########.###
........................>...#
...#......#.#........###..#.#
##.#.##..##.#.####.#.# #....#
............#..###.#.###.####
.#.#.............#.#.......#
...####.....#......#####.###
..## ##....r###########.# #.#
#....rshsJ@........#
#.#####.###############..#
.rhh....#.............#..#
#.####rs#.............#..#
..# #..#h.....hh.....#..#
######..#######'#######..# #
#....#......J......#..# #
#.#..'⌠.s..###....⌠+..#
####....#......<......#..#


You could see a jelly, a jackal, 2 giant cockroaches and 2 rats.

Vanquished Creatures
  2 giant geckos (D:1)
  3 giant cockroaches (D:1)
  2 hobgoblins (D:1)
  2 bats (D:1)
  A kobold (D:1)
  A rat (D:1)
11 creatures vanquished.

Notes
Turn   | Place    | Note
--------------------------------------------------------------
     0 | D:1      | jacksonaction, the Gargoyle Wizard, began the quest for the Orb.
     0 | D:1      | Reached XP level 1. HP: 10/10 MP: 4/4
     0 | D:1      | Noticed a jelly
     3 | D:1      | Found a runed door.
   255 | D:1      | Reached XP level 2. HP: 15/15 MP: 0/6
   583 | D:1      | Learned a level 2 spell: Blink
   586 | D:1      | Learned a level 2 spell: Slow
   963 | D:1      | Splashed by a jelly's acid

Action                   || total
-------------------------++-------
 Cast: Magic Dart        ||    41
